 Dungeon Crawl Stone Soup version 0.18-a0-1418-ga86aa8f (webtiles) character file.

30 Motquri the Charmwright (level 3, 0/20 HPs)
             Began as a Deep Elf Skald on Feb 26, 2016.
             Succumbed to an adder's poison
             ... on level 2 of the Dungeon.
             The game lasted 00:09:16 (1079 turns).

Motquri the Charmwright (Deep Elf Skald)            Turns: 1079, Time: 00:09:16

Health: 0/20       AC:  3    Str: 14    XL:     3   Next: 3%
Magic:  6/9        EV: 11    Int: 22    God:
Gold:   56         SH:  0    Dex: 14    Spells: 2 memorised, 5 levels left

rFire  . . .     SeeInvis .     a - +0 short sword
rCold  . . .     Gourm    .     b - +0 leather armour
rNeg   . . .     Faith    .     (no shield)
rPois  .         Spirit   .     (no helmet)
rElec  .         Dismiss  .     (no cloak)
rCorr  .         Reflect  .     (no gloves)
SustAt .         Harm     .     (no boots)
MR     .....                    (no amulet)
Stlth  ++........               (no ring)
                                (no ring)

@: mighty, brilliant, lethally poisoned (0 -> -2), exhausted, infused, slowed,
very slow, not resistant to hostile enchantments, unstealthy
A: no striking features
a: no special abilities


You were on level 2 of the Dungeon.
You were not hungry.

You visited 1 branch of the dungeon, and saw 3 of its levels.

You collected 56 gold pieces.

Inventory:

Hand Weapons
 a - a +0 short sword (weapon)
 f - a cursed +0 hunting sling
 j - a +0 short sword
Missiles
 i - 6 javelins (quivered)
 k - 31 poisoned needles
Armour
 b - a +0 leather armour (worn)
 h - a +0 scale mail
Scrolls
 e - a scroll of fog
 l - a scroll of fear
Potions
 r - a potion of berserk rage
Books
 c - a book of Battle

   Spells                             Type                      Level
   a - Infusion                       Charms                       1
   b - Shroud of Golubria             Charms/Translocation         2
   c - Song of Slaying                Charms                       2
   d - Spectral Weapon                Hexes/Charms                 3
   e - Regeneration                   Charms/Necromancy            3
Comestibles
 d - 3 bread rations
 o - a meat ration
 p - 2 chunks of flesh


   Skills:
 - Level 1.5 Fighting
 - Level 2.0 Short Blades
 - Level 0.7 Armour
 - Level 1.2 Dodging
 + Level 2.0 Stealth
 - Level 3.0 Spellcasting
 + Level 5.6 Charms


You had 5 spell levels left.
You knew the following spells:

 Your Spells              Type           Power        Failure   Level  Hunger
a - Infusion              Chrm           ####         1%          1    None
b - Shroud of Golubria    Chrm/Tloc      ####......   1%          2    ##.....


Dungeon Overview and Level Annotations

Branches:
Dungeon (3/15)

Altars:


Message History

* * * LOW HITPOINT WARNING * * *
You feel sick.
Read which item? (? for menu, Esc to quit)
As you read the scroll labeled IBAUTO SUFUY, it crumbles to dust.
You feel blessed for a moment.
It was a scroll of remove curse.
Read which item? (? for menu, Esc to quit)
Okay, then.
Read which item? (? for menu, Esc to quit)
As you read the scroll labeled GAUCKY BE XUPO, it crumbles to dust.
It is a scroll of identify.
Identify which item? (\ to view known items) (? for menu, Esc to quit)
l - a scroll of fear
* * * LOW HITPOINT WARNING * * *
You feel sick.
Read which item? (? for menu, Esc to quit)
As you read the scroll labeled UNEINOTT XOWNONIWA, it crumbles to dust.
You feel aware of your surroundings.
You sensed 1 altar.
It was a scroll of magic mapping.
Unknown command.
You die...

*,*,#######.### #.......##.#.#
,***..........# **#.....#.<..###
*,*,#######>..# #.............
**,** ##.#.######...........##
,*,* #.###........<........#
,,,* ##.#....<....#........#
,,,* #..#######...†.......# ,,**
##§#######..####.....#
.##########.§§§§@§....# ####..#
............§########.# #.....#
############.# #.# #.###.#
**.######.# #^#**#,***.#
****,#....$..#******#.#*,,,,,*.#
,,,,,.######..........#*,***,*.#
******* #.#######...,,* *,,.#
,,,* #.# #.##*,***,*##
,,,********#?# #.,,,,,,,,*


There were no monsters in sight!

Vanquished Creatures
  An adder (D:2)
  A worm (D:2)
  2 giant geckos (D:1)
  A ball python (D:1)
  4 bats (D:1)
  3 goblins
  A hobgoblin (D:1)
  A giant newt (D:2)
  A kobold (D:1)
  A rat (D:1)
16 creatures vanquished.

Notes
Turn   | Place    | Note
--------------------------------------------------------------
     0 | D:1      | Motquri the Deep Elf Skald began the quest for the Orb.
     0 | D:1      | Reached XP level 1. HP: 12/12 MP: 6/6
   214 | D:1      | Reached skill level 1 in Stealth
   328 | D:1      | Reached skill level 5 in Charms
   328 | D:1      | Reached XP level 2. HP: 16/16 MP: 4/8
   335 | D:1      | Learned a level 2 spell: Shroud of Golubria
  1057 | D:2      | Reached XP level 3. HP: 10/20 MP: 2/9
  1074 | D:2      | HP: 1/20 [poisoned by an adder]
  1079 | D:2      | Succumbed to an adder's poison

Vault maps used:
D:1:      dpeg_arrival_more_subterranean_lakeside_camping
D:2:      first_bread, fedhas_altar_4
D:3:      yredelemnul_altar_generic, nicolae_overflow_hidden_temple,
          supply_closet_lemuel, uniq_crazy_yiuf_cottage

Skill      XL: |  1  2 |
---------------+-------+-----
Stealth        | 1 2 |  2.0
Charms         | 5 |  5.6
Fighting       | |  1.5
Short Blades   | |  2.0
Armour         | |  0.7
Dodging        | |  1.2
Spellcasting   | |  3.0

Action                   || total
-------------------------++-------
Melee: Short sword       ||    38
Throw: Javelin           ||     8
 Cast: Infusion          ||     7
       Shroud of Golubri ||     3
  Use: Scroll            ||     4
       Potion            ||     3
 Stab: Sleeping          ||     1
  Eat: Chunk             ||     1
